 Dungeon Crawl Stone Soup version 0.19-a0-1899-g2d93087 (webtiles) character file.

16 MrRokkomies the Firebug (level 2, 0/20 HPs)
             Began as a Demigod Fire Elementalist on Oct 20, 2016.
             Slain by Ijyb
             ... wielding a +0 club
              (2 damage)
             ... on level 2 of the Dungeon.
             The game lasted 00:01:39 (698 turns).

MrRokkomies the Firebug (Demigod Fire Elementalist)  Turns: 698, Time: 00:01:39

Health: 0/20       AC:  2    Str: 10 (11) XL:     2   Next: 24%
Magic:  0/7        EV: 12    Int: 18 (19) God:
Gold:   49         SH:  0    Dex: 13 (16) Spells: 1 memorised, 3 levels left

rFire  . . .     SeeInvis .     h - +0 dagger (freeze)
rCold  . . .     Gourm    .     a - +0 robe
rNeg   . . .     Faith    .     (no shield)
rPois  .         Spirit   .     (no helmet)
rElec  .         Reflect  .     (no cloak)
rCorr  .         Harm     .     (no gloves)
MR     .....                    (no boots)
Stlth  ++........               (no amulet)
                                (no ring)
                                (no ring)

@: very slightly contaminated
A: high mp 1
a: no special abilities


You were on level 2 of the Dungeon.
You were not hungry.

You visited 1 branch of the dungeon, and saw 2 of its levels.

You collected 49 gold pieces.

Inventory:

Hand Weapons
 h - a +0 dagger of freezing (weapon)
Armour
 a - a +0 robe (worn)
Books
 b - a book of Flames

   Spells                             Type                      Level
   a - Flame Tongue                   Conjuration/Fire             1
   b - Throw Flame                    Conjuration/Fire             2
   c - Conjure Flame                  Conjuration/Fire             3
   d - Inner Flame                    Hexes/Fire                   3
   e - Sticky Flame                   Conjuration/Fire             4
   f - Fireball                       Conjuration/Fire             5
Comestibles
 c - a bread ration
 g - 3 fruits
 i - a beef jerky
 j - a meat ration


   Skills:
 - Level 1.7 Dodging
 - Level 1.7 Stealth
 - Level 1.7 Spellcasting
 * Level 1.5 Conjurations
 * Level 3.1 Fire Magic


You had 3 spell levels left.
You knew the following spells:

 Your Spells              Type           Power        Failure   Level  Hunger
a - Flame Tongue          Conj/Fire      ##...        10%         1    #......


Dungeon Overview and Level Annotations

Branches:
Dungeon (2/15)

Annotations:
D:2 Ijyb


Innate Abilities, Weirdness & Mutations

You have an increased reservoir of magic. (+10% MP)


Message History

Press: ? - help, Shift-Dir - straight line, f/p - Ijyb
Aim: Ijyb, wielding a club and wearing a ring mail (heavily wounded)
You miscast Flame Tongue.
You are very lightly contaminated with residual magic.
Your skin glows momentarily.
Ijyb hits you with a club.
* * * LOW HITPOINT WARNING * * *
It was a potion of degeneration.
There was something very wrong with that liquid.
You feel weakened.
You feel dopey.
You feel clumsy. Ijyb hits you but does no damage.
Ijyb screams, "Level is mine!
All mine!"
Casting: Flame Tongue
Confirm with . or Enter, or press ? or * to list all spells.
Aiming: Flame Tongue
Press: ? - help, Shift-Dir - straight line, f/p - Ijyb
Aim: Ijyb, wielding a club and wearing a ring mail (heavily wounded)
The flame tongue hits Ijyb.
Ijyb appears unharmed.
Ijyb is heavily wounded.
Ijyb hits you with a club.
You die...

###### ... #....##### #.#
# #....#... #.# .#
#....#.### #.##.#
+....'...#####....##.#
####..(.#.#..(..........#
........#.##..###########
#######.#.##..#
###.......#@g...#
#....<#########.#
#.#.........# #.#
#########.# #.# #.# ..#
##


You could see Ijyb.

Vanquished Creatures
  A giant cockroach (D:1)
  A hobgoblin (D:1)
  5 bats
  2 frilled lizards (D:1)
  3 goblins
  4 kobolds
  A rat (D:1)
17 creatures vanquished.

Notes
Turn   | Place    | Note
-------+----------+-------------------------------------------
     0 | D:1      | MrRokkomies the Demigod Fire Elementalist began the quest for the Orb.
     0 | D:1      | Reached XP level 1. HP: 14/14 MP: 5/5
   258 | D:1      | Reached skill level 1 in Conjurations
   289 | D:1      | Reached skill level 3 in Fire Magic
   490 | D:1      | Reached XP level 2. HP: 20/20 MP: 7/7
   654 | D:2      | Noticed Ijyb
   689 | D:2      | HP: 1/20 [Ijyb/club (1)]
   698 | D:2      | Slain by Ijyb

Vault maps used:
D:1:      sevenhm_arrival_forest_fort_small_3
D:2:      uniq_iyjb

Skill      XL: |  1 |
---------------+----+-----
Conjurations   | 1 |  1.5
Fire Magic     | 3 |  3.1
Dodging        | |  1.7
Stealth        | |  1.7
Spellcasting   | |  1.7

Action                   || total
-------------------------++-------
Melee: Short sword       ||    16
       Dagger            ||    32
 Cast: Flame Tongue      ||    14
  Use: Scroll            ||     2
       Potion            ||     2
 Stab: Sleeping          ||     4
Armor: Robe              ||     6
Dodge: Dodged            ||    25
